 Dungeon Sprint DCSS version 0.21-a0-59-g7b0e191 (webtiles) character file.

47 Kidiri the Ducker (level 3, 0/37 HPs)
             Began as a Troll Fighter on June 16, 2017.
             Was a Priest of Wu Jian.
             Slain by a water moccasin (8 damage)
             ... in the Dungeon (Sprint VII: "The Pits").
             The game lasted 00:02:53 (340 turns).

Kidiri the Ducker (Troll Fighter)                    Turns: 340, Time: 00:02:54

Health: 0/37       AC:  5    Str: 25    XL:     3   Next: 48%
Magic:  2/2        EV: 11    Int:  4    God:    Wu Jian [***...]
Gold:   0          SH:  0    Dex:  9    Spells: 2/2 levels left

rFire    . . .     SeeInvis .   a - +0 flail (crush)
rCold    . . .     Gourm    +   (no shield)
rNeg     . . .     Faith    .   b - +0 robe
rPois    .         Spirit   .   (helmet restricted)
rElec    .         Reflect  .   (no cloak)
rCorr    .         Harm     .   (gloves unavailable)
MR       .....     NoTele   +   (boots unavailable)
Stlth    ++........             (no amulet)
HPRegen  0.52/turn              (no ring)
MPRegen  0.08/turn              (no ring)

@: lethally poisoned (0 -> -10), serpent's lash
A: unfitting armour, claws 3, fast metabolism 3, gourmand, regeneration 1,
shaggy fur 1, tough skin 2
a: Renounce Religion


You were in the Dungeon.
You worshipped Wu Jian.
Wu Jian was most pleased with you.
You were very full.

You visited 1 branch

Inventory:

Hand Weapons
 a - a +0 flail of crushing (weapon)
Armour
 b - a +0 robe (worn)
Scrolls
 k - a scroll of blinking
 m - 3 scrolls of remove curse
 n - 5 scrolls of amnesia
 o - a scroll of summoning
Potions
 d - a potion of might
 e - 6 potions of curing
 g - 5 potions of heal wounds
 h - a potion of haste
 i - 4 potions of magic
 j - 3 potions of berserk rage
 l - 2 potions of invisibility
Comestibles
 c - 4 chunks of flesh
 f - 9 bread rations
 p - 40 fruits
 q - 7 meat rations


   Skills:
 * Level 3.4 Fighting
 * Level 3.4 Maces & Flails
 + Level 1.4 Armour
 * Level 3.6 Dodging
 * Level 1.9 Stealth
   Level 2.4 Shields


You had 2 spell levels left.
You didn't know any spells.

Dungeon Overview and Level Annotations

Branches:
Dungeon (1/1)

Altars:
Ashenzari
Cheibriados
Dithmenos
Elyvilon
Fedhas
Gozag
Hepliaklqana
Kikubaaqudgha
Makhleb
Nemelex Xobeh
Okawaru
Qazlal
Ru
Sif Muna
Trog
Uskayaw
Vehumet
Wu Jian
Xom
Yredelemnul
Zin
The Shining One
Beogh
Jiyva
Lugonu


Innate Abilities, Weirdness & Mutations

You are too large for most types of armour.
You have claws for hands.
Your metabolism is lightning-fast.
You like to eat raw meat.
Your natural rate of healing is unusually fast.
You are covered in fur. (AC +1)
You have very tough skin. (AC +2)


Message History

The scorpion is severely wounded.
You feel sick.
The water moccasin completely misses you.
The scorpion closely misses you.
Unknown command.
You barely miss the scorpion.
The scorpion is severely wounded.
You feel sick. The water moccasin closely misses you.
The scorpion stings you but does no damage.
The water moccasin bites you.
Unknown command.
You closely miss the scorpion.
The scorpion is severely wounded.
You feel sick. The water moccasin bites you!
* * * LOW HITPOINT WARNING * * *
The scorpion stings you.
* * * LOW HITPOINT WARNING * * *
You are lethally poisoned!
The scorpion poisons you! The water moccasin bites you!
You die...

#_________.#
#_________.#
#_______...#######
##########+##.....
#.?(.+)))+.##.....
##########.##.....
#...........'.....
#S#####+#####.....
#@#..#.)#..##.....
#s#รท%+..+..#####+#
#z##+####+###.....
#.#........##.....
#.#..%.....##.....
#.#####+#####...<.
#.#...)))[.##.....
#.#...)))[.##.....
#'###########.....


You could see a water moccasin, a flying skull and a scorpion.

Vanquished Creatures
  3 river rats (D)
  An ooze (D)
  An adder skeleton (D)
  3 hobgoblins (D)
  4 jackals (D)
  A ball python (D)
  A bat (D)
  A leopard gecko skeleton (D)
15 creatures vanquished.

Notes
Turn   | Place    | Note
-------+----------+-------------------------------------------
     0 | D        | Kidiri the Troll Fighter began the quest for the Orb.
     0 | D        | Reached XP level 1. HP: 22/22 MP: 0/0
    60 | D        | Found a bloodstained altar of Trog.
    60 | D        | Found a deep blue altar of Sif Muna.
    60 | D        | Found a viscous altar of Jiyva.
    60 | D        | Found a hazy altar of Hepliaklqana.
    60 | D        | Found an opulent altar of Gozag.
    61 | D        | Found a glowing golden altar of the Shining One.
    61 | D        | Found a glowing silver altar of Zin.
    61 | D        | Found a basalt altar of Yredelemnul.
    61 | D        | Found a shimmering altar of Xom.
    61 | D        | Found an ornate altar of the Wu Jian Council.
    61 | D        | Found a sacrificial altar of Ru.
    61 | D        | Found a stormy altar of Qazlal.
    61 | D        | Found an iron altar of Okawaru.
    61 | D        | Found a sparkling altar of Nemelex Xobeh.
    61 | D        | Found a burning altar of Makhleb.
    61 | D        | Found a blossoming altar of Fedhas.
    61 | D        | Found a white marble altar of Elyvilon.
    61 | D        | Found a shadowy altar of Dithmenos.
    61 | D        | Found a snail-covered altar of Cheibriados.
    63 | D        | Found a radiant altar of Vehumet.
    63 | D        | Found a corrupted altar of Lugonu.
    63 | D        | Found a roughly hewn altar of Beogh.
    64 | D        | Found a hide-covered altar of Uskayaw.
    64 | D        | Found an ancient bone altar of Kikubaaqudgha.
    64 | D        | Found a shattered altar of Ashenzari.
    70 | D        | Became a worshipper of the Wu Jian Council
   102 | D        | Reached * piety under Wu Jian
   180 | D        | Reached skill level 1 in Armour
   180 | D        | Reached skill level 1 in Stealth
   180 | D        | Reached XP level 2. HP: 29/29 MP: 1/1
   182 | D        | Reached ** piety under Wu Jian
   214 | D        | Reached *** piety under Wu Jian
   225 | D        | Reached XP level 3. HP: 18/37 MP: 2/2
   299 | D        | Noticed a water moccasin
   299 | D        | Noticed a scorpion
   299 | D        | Noticed a flying skull
   313 | D        | Reached **** piety under Wu Jian
   340 | D        | Slain by a water moccasin

Vault maps used:
D:        pitsprint

Skill      XL: |  1  2 |
---------------+-------+-----
Maces & Flails | 2 3 |  3.4
Armour         | 1 |  1.4
Dodging        | 3 |  3.6
Stealth        | 1 |  1.9
Fighting       | 3 |  3.4
Shields        | |  2.4

Action                   || total
-------------------------++-------
Melee: Unarmed           ||    27
       Mace              ||    24
       Flail             ||    14
Invok: Serpent's Lash    ||     1
  Use: Potion            ||     1
 Stab: Sleeping          ||     1
  Eat: Chunk             ||     8
Armor: Robe              ||    23
Dodge: Dodged            ||    45
